Description

Build Order

  • 18g 47s
  • 17p 51s
  • 17h
  • 2 lings + queen
  • Ling speed (leave on gas)
  • Straight to 3 queens
  • @natural finishes - pull 2 off gas
  • 36 3rd hatch
  • 3:30 - back on gas
  • 3:35 (47) - Roach warren + 2xgas
  • @RW - 7 roaches
  • 70 (4:30) - 2x evo
  • Melee Carapace Upgrades

    - 75 (4:50) Lair

VOD

https://www.youtube.com/watch?v=8zkT_oGBlVs

Replay - byul RR pressure

Build Order

Get SALT Encoding   

  12  0:02  Drone  
  13  0:14  Overlord  
  13  0:19  Drone  
  14  0:34  Drone x3  
  17  0:48  Drone, Extractor  
  17  0:51  Spawning Pool  
  16  0:59  Drone  
  17  1:16  Hatchery  
  16  1:20  Drone  
  17  1:27  Drone  
  18  1:38  Queen  
  18  1:39  Zergling x2  
  21  1:47  Overlord  
  21  1:53  Metabolic Boost  
  21  1:58  Drone  
  22  2:13  Queen  
  26  2:28  Queen  
  29  2:38  Overlord  
  36  3:10  Hatchery  
  41  3:34  Overlord  
  44  3:39  Roach Warren  
  43  3:46  Extractor  
  44  3:51  Extractor  
  44  3:52  Overlord  
  43  3:58  Zergling x8  
  52  4:23  Roach x4  
  58  4:28  Roach x3  
  66  4:38  Evolution Chamber x2  
  67  4:56  Ravager x4  
  81  5:41  Baneling Nest  
Spawning Tool Build Advisor. Get it on Overwolf

Analysis

  • Great vs Helion Openings
  • You can just play defensively, but the mobility of the helions has made it really hard - especially with vikings clearing up overlord vision and libs/minedrops/helion drops coming in from all sorts of unexpected angles

  • The roaches force a huge overreaction as the helions can’t deal with them and stim is delayed

  • Is the most minimal commitment to make Terran piss off

  • Normally Terran just want to be dicks in the current meta near the top there’s helions darting into bases from all angles, liberators seiging up mineral lines, helion and mine drops - all sorts of crazy multi-prong with many opportunities for big damage - all whilst the Terran is greedier than a fat leprechaun
  • This way you can make them piss off home, and force them to do things that aren’t greedy like make seige tanks.
  • Sometimes you get to kill lots of things like depots and ebays - that’s pretty awesome

Byul’s Shoutcraft kings games

Vs Byun https://youtu.be/79xeYBrX878?t=2311 - hits 5:30 on crossmap AFTER going ovie speed (48 drones as he hits)

Vs Keen: https://youtu.be/xLP-JMH7Gck?t=4759 - hits 5:30 (no ovie speed, 55 drones)

Byul’s GSL Games

https://www.twitch.tv/videos/120556078 G1 vs Alive - Alive didn’t do his homework! Helions overcommit = MASS LINGS AND GO FOR BROKE! No more helions behind that wall destroying the lings - knows he has a good chance of breaking him with a much larger committment G3 - nice pressure again just gets the ebays

Go to:

Details

  • Created by: PiG      
  • Published on: Feb 08, 2017
  • Modified on: Feb 08, 2017
  • Patch: 3.8.0
Show
View Real Time Build Order
Export as new Build Order

Comments (0)

There are no comments. Be the first!

Create an account to comment!